 Dungeon Crawl Stone Soup version 0.29-a0-11-ga75d3d97ab (webtiles) character file.

Game seed: 857310702093416547

2366 testman the Fighter (level 9, -1/71 HPs)
             Began as a Djinni Hedge Wizard on Jan 28, 2022.
             Was an Initiate of Ru.
             Incinerated by a deep elf pyromancer (2 damage)
             ... with a sticky flame
             ... on level 7 of the Dungeon.
             The game lasted 00:50:11 (9517 turns).

testman the Fighter (Djinni Hedge Wizard)           Turns: 9517, Time: 00:50:12

Health: -1/71      AC:  4    Str:  9    XL:     9   Next: 72%
Gold:   289        EV: 12    Int: 26    God:    Ru [......] SH:  0 Dex: 13

rFire   + + .      SeeInvis .   E - +2 dagger (holy)
rCold   x . .      Faith    .   y - orb {mayhem}
rNeg    . . .      Spirit   .   b - +0 robe
rPois   ∞          Reflect  .   c - +0 hat
rElec   .          Harm     .   w - +0 cloak
rCorr   +          Rampage  .   h - +0 pair of gloves
Will    .....                   (boots unavailable)
Stlth   +.........              (no amulet)
HPRegen 0.21/turn               j - ring of resist corrosion
MPRegen 0.00/turn               d - +6 ring of intelligence

@: on fire, liquefying, flying, glowing, slowed movement, very slow
A: sickness immunity, fire resistance 2, cold vulnerability 1, float, innate
caster, hp casting, extra vitality 1
a: Renounce Religion


You were on level 7 of the Dungeon.
You worshipped Ru.
Ru was noncommittal.
You visited 2 branches of the dungeon, and saw 8 of its levels.
You also visited: Sewer.

You collected 289 gold pieces.

Inventory:

Hand Weapons
 i - a +0 hunting sling
 l - a +0 dagger of venom
 o - a +1 vorpal hunting sling
 D - the +7 war axe "Luahur" {freeze, Will+ Stlth+}
   (You found it on level 5 of the Dungeon)

   It freezes those it strikes, dealing additional cold damage.
   It can also slow down cold-blooded creatures.
   Will:      It increases your willpower.
   Stlth:     It makes you more stealthy.
 E - a +2 dagger of holy wrath (weapon)
Missiles
 f - 154 stones
 p - 11 poisoned darts
 F - 14 sling bullets
 I - a throwing net
 J - a curare-tipped dart
Armour
 b - a +0 robe (worn)
 c - a +0 hat (worn)
 h - a +0 pair of gloves (worn)
 w - a +0 cloak (worn)
 y - an orb of mayhem (worn)
Jewellery
 d - a +6 ring of intelligence (right hand)
 j - a ring of resist corrosion (left hand)
 x - a +4 ring of slaying
Wands
 a - a wand of acid (12)
 C - a wand of polymorph (4)
Scrolls
 e - 2 scrolls of noise
 m - 3 scrolls of vulnerability
 n - 2 scrolls of immolation
 t - 3 scrolls of teleportation
 A - 2 scrolls of identify
 B - a scroll of torment {unknown}
Potions
 g - 3 potions of mutation
 k - 2 potions of might {unknown}
 q - 2 potions of heal wounds {unknown}
 r - 2 potions of curing {unknown}
 s - 2 potions of attraction {unknown}
 u - a potion of magic {unknown}
 z - a potion of degeneration {unknown}
 G - a potion of invisibility {unknown}
 H - a potion of resistance {unknown}


   Skills:
 + Level 8.5 Fighting
 - Level 2.1 Dodging
 - Level 1.5 Stealth
 + Level 7.0 Spellcasting
 + Level 2.4 Evocations


You couldn't memorise any spells.
You knew the following spells:

 Your Spells              Type           Power      Damage    Failure   Level
a - Magic Dart            Conj           100%       1d8       1%          1
b - Blink                 Tloc           90%        N/A       1%          2
c - Call Imp              Summ           45%        N/A       1%          2
d - Slow                  Hex            100%       N/A       1%          1
e - Conjure Flame         Conj/Fire      45%        6-21      1%          3
f - Mephitic Cloud        Conj/Pois/Air  45%        N/A       1%          3
g - Sandblast             Erth           90%        2d19      1%          1
h - Searing Ray           Conj           90%        2d7       1%          2
i - Tukima's Dance        Hex            45%        N/A       1%          3
j - Leda's Liquefaction   Hex/Erth       22%        N/A       3%          4
Your spell library was empty.

Dungeon Overview and Level Annotations

Branches:
Dungeon (7/15)             Temple (1/1) D:5           Sewer (visited)

Altars:
Ashenzari
Cheibriados
Dithmenos
Elyvilon
Fedhas
Gozag
Okawaru
Qazlal
Ru
Sif Muna
Trog
Uskayaw
Wu Jian
Xom
Yredelemnul
Beogh
Lugonu

Annotations:
D:3 2 transporters, Econoterrorist's ghost, amateur TrMo
D:5 3 runed translucent doors, greynaab's ghost, novice DEBe


Innate Abilities, Weirdness & Mutations

You are immune to sickness and miasma.
You are immune to poison.
Your flesh is very heat resistant. (rF++)
You are vulnerable to cold. (rC-)
You float through the air rather than walking.
You learn spells naturally, not from books.
Your magical power is your life essence.
You have superior vitality. (+4 MHP)


Message History

You finish channelling your searing ray.
The deep elf pyromancer gestures at you while chanting.
The sticky flame misses you.
Casting: Searing Ray (safe; 1% risk of failure)
Confirm with . or Enter, or press ? or * to list all spells.
Okay, then.
Unknown command.
Press: ? - help, v - describe, . - travel
Here: a deep elf pyromancer, wielding a +0 short sword and wearing a +0 leather armour (heavily wounded, covering ground slowly)
The floor, spattered with blood.
Casting: Searing Ray (safe; 1% risk of failure)
Confirm with . or Enter, or press ? or * to list all spells.
Aiming: Searing Ray (safe; 1% risk of failure)
Press: ? - help, Shift-Dir - straight line, f/p - deep elf pyromancer
Aim: a deep elf pyromancer, wielding a +0 short sword and wearing a +0 leather armour (heavily wounded, covering ground slowly, 75% to hit)
The searing ray hits the deep elf pyromancer!
The deep elf pyromancer is severely wounded. (Press . to maintain the ray.)
* * * LOW HITPOINT WARNING * * *
The deep elf pyromancer gestures at you while chanting.
The bolt of fire hits you! You resist.
* * * LOW HITPOINT WARNING * * *
You hear a croak.
The searing ray hits the deep elf pyromancer.
The deep elf pyromancer is severely wounded.
* * * LOW HITPOINT WARNING * * *
The searing ray misses the deep elf pyromancer.
* * * LOW HITPOINT WARNING * * *
The deep elf pyromancer gestures at you while chanting.
The sticky flame hits you. You resist.
You are covered in liquid flames!
* * * LOW HITPOINT WARNING * * *
Okay, then.
Okay, then.
As you read the scroll of fear, it crumbles to dust.
You assume a fearsome visage.
The deep elf pyromancer looks frightened!
The seven-headed hydra looks frightened!
You are covered in liquid flames!
You die...

♣♣ #♣. #.≈ #.≈
########+## ### #.≈ ♣♣♣
#.@§e.#...#♣♣.♣♣#.≈
...♣.♣♣♣D♣...♣♣.♣.♣♣♣≈
... ♣D'>8<'.♣♣♣.))≈
...♣.♣♣♣.♣.e.♣♣.♣.♣♣♣)
♣♣♣$#.†)§.#Z.c#♣♣.♣♣#)≈
. ########'###### #.≈ ♣
........÷....♣ #.≈
♣..♣♣♣♣.♣..♣♣.♣#.≈
♣.♣♣..♣ #♣.


You could see a seven-headed hydra (fleeing, struggling) and a deep elf
pyromancer (fleeing, struggling).

Vanquished Creatures
  A steam dragon (D:5)
  A water moccasin (D:7)
  2 sky beasts (D:7)
  2 ogres
  2 phantoms (D:5)
  A kobold brigand (D:7)
  A scorpion (D:6)
  A water moccasin zombie (D:6)
  2 water moccasin skeletons
  A howler monkey (D:7)
  A wight (D:7)
  Crazy Yiuf (D:3)
  2 centaur zombies (D:6)
  An orc priest (D:5)
  4 hounds
  7 jellies
  2 centaur skeletons
  Natasha (thrice) (D:3)
  4 orc wizards
  A hound zombie (D:5)
  A howler monkey zombie (D:6)
  6 adders
  7 gnolls
  A howler monkey skeleton (D:6)
  2 white imps
  2 ufetubi
  2 worms
  4 dart slugs
  14 orcs
  6 ball pythons
  7 bats
  22 endoplasms
  11 giant cockroaches
  6 hobgoblins
  8 jackals
  2 quokkas
  9 frilled lizards
  12 goblins
  13 kobolds
  12 rats
187 creatures vanquished.

Vanquished Creatures (collateral kills)
  Sigmund (D:5)
  An orc priest (D:5)
  An iguana (D:7)
  A gnoll (D:6)
  A kobold (D:7)
5 creatures vanquished.

Vanquished Creatures (others)
  A dancing weapon (D:6)
  A gnoll shaman (D:6)
  An orc wizard (D:6)
  A fungus (D:3)
  8 plants (D:7)
12 creatures vanquished.

Grand Total: 204 creatures vanquished

Notes
Turn   | Place    | Note
-------+----------+-------------------------------------------
     0 | D:1      | testman the Djinni Hedge Wizard began the quest for the
                  | Orb.
     0 | D:1      | Reached XP level 1. HP: 15/15 MP: 0/0
   185 | D:1      | Reached skill level 1 in Fighting
   185 | D:1      | Reached XP level 2. HP: 19/22 MP: 0/0
   594 | D:1      | Reached XP level 3. HP: 22/27 MP: 0/0
   594 | D:1      | Learned a level 1 spell: Sandblast
  1379 | D:1      | Reached skill level 2 in Fighting
  1680 | D:2      | Found a faded altar of an unknown god.
  1685 | D:2      | Reached XP level 4. HP: 29/33 MP: 0/0
  3058 | D:3      | Found a transporter.
  3058 | D:3      | Noticed Econoterrorist's ghost (amateur TrMo)
  3058 | D:3      | Noticed an ogre
  3059 | D:3      | Noticed an ogre
  3060 | D:3      | Found a transporter.
  3292 | D:3      | Found a blossoming altar of Fedhas.
  3327 | D:3      | Reached XP level 5. HP: 32/40 MP: 0/0
  3327 | D:3      | Learned a level 2 spell: Searing Ray
  3461 | D:3      | Noticed a +0 hand axe
  3461 | D:3      | Noticed a +0 hand axe
  3462 | D:3      | Found a hide-covered altar of Uskayaw.
  3481 | D:3      | Noticed Natasha
  3493 | D:3      | Killed Natasha
  3494 | D:3      | Reached skill level 3 in Fighting
  3977 | D:3      | Noticed Natasha
  3982 | D:3      | Killed Natasha
  4111 | D:3      | Found a runed translucent door.
  4112 | D:3      | Noticed Crazy Yiuf
  4119 | D:3      | Killed Crazy Yiuf
  4120 | D:3      | Reached XP level 6. HP: 42/47 MP: 0/0
  4756 | D:4      | Found a broken altar of Ashenzari.
  4766 | D:4      | Identified a scroll of acquirement
  4766 | D:4      | Acquired a +6 ring of intelligence
  4845 | D:4      | Reached skill level 4 in Fighting
  4854 | D:4      | Found an opulent altar of Gozag.
  4979 | D:3      | Noticed Natasha
  4983 | D:3      | Killed Natasha
  5091 | D:4      | Found a sacrificial altar of Ru.
  5185 | D:4      | Reached XP level 7. HP: 49/53 MP: 0/0
  5185 | D:4      | Learned a level 3 spell: Tukima's Dance
  5469 | D:5      | Entered Level 5 of the Dungeon
  5498 | D:5      | Noticed Sigmund
  5509 | D:5      | Killed Sigmund
  5510 | D:5      | Reached skill level 5 in Fighting
  5720 | D:5      | Found a runed translucent gate.
  5720 | D:5      | Found a runed translucent gate.
  5720 | D:5      | Found a runed translucent gate.
  5723 | D:5      | Identified the +0 plate armour of Cariuvump {rPois rF++
                  | Will- Dex+4}
  5723 | D:5      | Noticed greynaab's ghost (novice DEBe)
  5730 | D:5      | Identified the +7 whip "Tiebor" {holy, rC+ MP+9}
  5730 | D:5      | Identified the +5 ring mail of Dithmenos's Hope {rPois rF+
                  | rCorr Slay+3}
  5869 | D:5      | Reached skill level 5 in Spellcasting
  5881 | D:5      | Found a staircase to the Ecumenical Temple.
  5886 | D:5      | Reached XP level 8. HP: 21/61 MP: 0/0
  5895 | Temple   | Entered the Ecumenical Temple
  6155 | D:5      | Reached skill level 6 in Fighting
  6268 | D:5      | Identified the +7 war axe "Luahur" {freeze, Will+ Stlth+}
  6632 | D:5      | Found a shimmering altar of Xom.
  6666 | D:5      | Found a white marble altar of Elyvilon.
  6952 | D:6      | Found a glowing drain.
  6956 | Sewer    | Entered a sewer
  7266 | Sewer    | Found a viscous altar of Jiyva.
  7308 | Sewer    | Reached skill level 7 in Fighting
  7418 | D:4      | Became a worshipper of Ru the Awakened
  7585 | D:6      | Reached XP level 9. HP: 47/68 MP: 0/0
  7585 | D:6      | Learned a level 4 spell: Leda's Liquefaction
  8477 | D:6      | Reached skill level 8 in Fighting
  8911 | D:7      | Reached skill level 1 in Evocations
  9501 | D:7      | Noticed a seven-headed hydra
  9503 | D:7      | Noticed a deep elf pyromancer
  9516 | D:7      | HP: 1/71 [deep elf pyromancer/sticky flame (2)]
  9517 | D:7      | Incinerated by a deep elf pyromancer

Illustrated notes

Levels and vault maps discovered:
D:1:      tarquinn_simple_flora_water_f, layout_loops_cross, minmay_heptomino_d4
D:2:      layout_basic, shapermc_ecumenical_altar_starsandcircs, serial_rivers,
          chequers_serial_rivers_small_b, chequers_serial_rivers_micro_d,
          chequers_serial_rivers_small_3, chequers_serial_rivers_room_b,
          kennysheep_generic_room_2
D:3:      layout_basic, fedhas_altar_3, dancing_weapons_uskayaw,
          gammafunk_ghost_smash, uniq_natasha, uniq_crazy_yiuf_cottage
D:4:      layout_cave_pools, old_standard_altar, nicolae_overflow_crystal_walls,
          nicolae_ru_great_annihilating_truth, nicolae_ossuary_entry_ruins
D:5:      layout_rooms, kennysheep_mini, lemuel_doored_altar,
          minmay_temple_entry_water_ring, biasface_ghost_orc_armoury,
          uniq_sigmund
D:6:      layout_basic, gup_sewer_entry_bowl
D:7:      nzn_winding_woodlands_stair_cross
          [nzn_winding_woodlands_5x15_river_crossing,
          nzn_winding_woodlands_center_diamonds,
          nzn_winding_woodlands_5x15_default,
          nzn_winding_woodlands_5x5_closed_star,
          nzn_winding_woodlands_5x5_perimeter,
          nzn_winding_woodlands_5x15_pockets,
          nzn_winding_woodlands_center_garden,
          nzn_winding_woodlands_5x15_sidewinder], layout_rooms,
          kennysheep_small_spiral
Temple:   corrupted_temple

Skill      XL: |  1  2  3  4  5  6  7  8  9 |
---------------+----------------------------+-----
Fighting       | 1 2 3 4 5 7 8 |  8.5
Spellcasting   | 3 4 5 6 7 |  7.0
Evocations     | 2 |  2.4
Dodging        | |  2.1
Stealth        | |  1.5

Action                   |  1- 3 |  4- 6 |  7- 9 || total
-------------------------+-------+-------+-------++-------
Melee: Dagger            |    20 |    47 |    35 ||   102
 Cast: Magic Dart        |    53 |    74 |    89 ||   216
       Sandblast         |    16 |    42 |    16 ||    74
       Searing Ray       |       |     5 |    53 ||    58
       Mephitic Cloud    |       |     4 |     2 ||     6
       Conjure Flame     |       |     2 |     7 ||     9
       Blink             |       |     1 |     1 ||     2
       Tukima's Dance    |       |       |     7 ||     7
       Leda's Liquefacti |       |       |     1 ||     1
  Use: Scroll            |       |     7 |     2 ||     9
 Stab: Sleeping          |     1 |     2 |     3 ||     6
       Confused          |       |     1 |       ||     1
       Paralysed         |       |     1 |       ||     1
Armor: Robe              |     6 |    12 |    21 ||    39
Dodge: Dodged            |    27 |    42 |    44 ||   113

Table legend: (Time is in decaauts)
 A = Elapsed time spent in this place.
 B = Non-inter-level travel time spent in this place.
 C = Inter-level travel time spent in this place.
 D = Time resting spent in this place.
 E = Time spent auto-exploring this place.
 F = Levels seen in this place.
 G = Mean time per level.
                   A        B        C        D        E       F      G
               +--------+--------+--------+--------+--------+-----+--------+
         Total |   9521 |   9242 |    279 |   2946 |   4788 |   9 | 1057.9 |
       Dungeon |   8897 |   8618 |    279 |   2899 |   4365 |   7 | 1271.0 |
        Temple |    237 |    237 |      0 |      0 |    208 |   1 |  237.0 |
         Sewer |    386 |    386 |      0 |     47 |    215 |   1 |  386.0 |
               +--------+--------+--------+--------+--------+-----+--------+

Top non-repeatable levels by time:
     D:3: 1675 daAuts
     D:2: 1583 daAuts
     D:1: 1546 daAuts
     D:6: 1473 daAuts
     D:5: 1249 daAuts
     D:4: 718 daAuts
     D:7: 650 daAuts
   Sewer: 386 daAuts
  Temple: 237 daAuts
